 Dungeon Crawl Stone Soup version 0.31-a0-532-g28f74ba3e5 (webtiles) character file.

Game seed: 17334122215988504543

164 LeprechaunX the Ruffian (level 5, -4/52 HPs)
             Began as an Octopode Shapeshifter on Aug 13, 2023.
             Was an Initiate of Ru.
             Slain by Edmund
             ... wielding a +2 dire flail of protection
              (9 damage)
             ... on level 4 of the Dungeon.
             The game lasted 00:03:30 (2559 turns).

LeprechaunX the Ruffian (Octopode Shapeshifter)     Turns: 2559, Time: 00:03:31

Health: -4/52      AC: 22    Str: 17    XL:     5   Next: 45%
Magic:  5/5        EV:  2    Int: 10    God:    Ru [......]
Gold:   146        SH:  0    Dex: 12    Spells: 4/4 levels left

rFire   . .          .
                       - Unarmed
rCold   . . .        (no shield)
rNeg    . . .        (helmet currently unavailable)
rPois   +            (no amulet)
rElec   .            (no ring)
rCorr   .            (no ring)
SInv    .            (no ring)
Will    .....        (no ring)
Stlth   +            (no ring)
HPRegen 0.28/turn    (no ring)
MPRegen 0.09/turn    (no ring)
                     (no ring)

%: no passive effects
@: tree-form
A: stationary, stasis, torment immunity, boosted hp, almost no armour,
(amphibious), 8 rings, (camouflage 1), (gelatinous body 1), (nimble swimmer 1),
(tentacles)
a: Renounce Religion


You were on level 4 of the Dungeon.
You worshipped Ru.
Ru was noncommittal.
You were a tree.
You visited 2 branches of the dungeon, and saw 7 of its levels.

You collected 146 gold pieces.

Inventory:

Hand Weapons
 a - a +0 sling
Talismans
 b - a beast talisman
 c - a flux talisman
Scrolls
 d - a scroll of vulnerability {unknown}
 e - 4 scrolls of identify {unknown}
 j - 3 scrolls of silence {unknown}
 l - a scroll of fog {unknown}
 n - 3 scrolls of teleportation {unknown}
Potions
 f - 2 potions of brilliance {unknown}
 h - a potion of heal wounds {unknown}
 i - 2 potions of magic {unknown}
 k - a potion of might {unknown}


   Skills:
 + Level 2.3 Fighting
 + Level 3.0 Dodging
 * Level 4.4 Unarmed Combat
 + Level 3.5 Shapeshifting


You had 4 spell levels left.
You didn't know any spells.
Your spell library contained the following spells:

 Spells                   Type           Power      Damage    Failure   Level
 Cigotuvi's Dreadful Rot  Necr/Pois/Air  0%         N/A       50%         2
 Ignite Poison            Fire/Tmut/Pois 0%         N/A       75%         3
 Freezing Cloud           Conj/Ice/Air   0%         6-21      100%        5
 Malign Gateway           Summ/Tloc      0%         N/A       100%        7
 Summon Horrible Things   Summ           0%         N/A       100%        8


Dungeon Overview and Level Annotations

Branches:
Dungeon (6/15)             Temple (1/1) D:4

Altars:
Dithmenos
Fedhas
Gozag
Kikubaaqudgha
Makhleb
Okawaru
Ru
Trog
Vehumet
Wu Jian
Xom
Yredelemnul
Zin

Annotations:
D:4 1 runed translucent door, Crazy Yiuf, Edmund, Eustachio


Innate Abilities, Weirdness & Mutations

You are a tree.
Your roots penetrate the ground, keeping you stationary.
You cannot be teleported.
You are immune to unholy pain and torment.
Your maximum health is greatly increased.
You cannot wear most types of armour.
((You are amphibious.))
You can wear up to eight rings at the same time.
((Your skin changes colour to match your surroundings (Stealth+).))
((Your rubbery body absorbs attacks. (AC +1, EV +1)))
((You are camouflaged when in or above water. (Stealth+)))
((You have tentacles for arms and can constrict up to eight enemies at once.))


Message History

The river rat bites you but does no damage.
You closely miss Edmund.
Edmund is lightly wounded.
Edmund hits you with a +2 dire flail of protection.
The river rat bites you.
You barely miss Edmund.
Edmund is lightly wounded.
The bat hits you.
Edmund hits you with a +2 dire flail of protection!
The river rat bites you.
* * * LOW HITPOINT WARNING * * *
You smack the river rat!
The river rat is severely wounded.
Edmund hits you but does no damage.
The river rat bites you but does no damage.
The bat hits you but does no damage.
You hit Edmund.
Edmund is lightly wounded.
The bat hits you but does no damage.
Edmund hits you with a +2 dire flail of protection!
* * * LOW HITPOINT WARNING * * *
The river rat bites you.
* * * LOW HITPOINT WARNING * * *
You closely miss the river rat.
The river rat is severely wounded.
The bat hits you but does no damage. Edmund hits you but does no damage.
The river rat bites you but does no damage.
You closely miss the river rat.
The river rat is severely wounded.
Edmund hits you with a +2 dire flail of protection.
* * * LOW HITPOINT WARNING * * *
The river rat bites you but does no damage.
Unknown command.
You hit the river rat but do no damage.
The river rat is severely wounded.
The bat hits you but does no damage.
Eustachio casts a spell.
Eustachio blinks!
Edmund hits you with a +2 dire flail of protection!
You die...

.# # #. .# ... #. ##.###.# #.
.......## # #. #...#.... ..
#.####...#.b##...
#.####................
[.)....#.##.###.......
#####...##.@@♣r§##
##.########.##...# ## #.# ......
.. ##.###### #...#########.
#.......# #......<..#.#. ..
##.#.....#####...#####.....
....###.###.##.#...........#.....
.........#....))))...............
....###.....##.#)..........#....>


You could see Edmund, Eustachio, a river rat (summoned) and a bat (summoned).

Vanquished Creatures
  2 orc wizards (D:4)
  4 adders
  A worm (D:3)
  4 dart slugs
  2 orcs (D:4)
  12 ball pythons
  4 endoplasms
  3 giant cockroaches (D:1)
  5 goblins
  6 hobgoblins
  5 jackals
  6 kobolds
  3 quokkas
  3 frilled lizards
  4 rats
64 creatures vanquished.

Notes
Turn   | Place    | Note
-------+----------+-------------------------------------------
     0 | D:1      | LeprechaunX the Octopode Shapeshifter began the quest for
                  | the Orb.
     0 | D:1      | Reached XP level 1. HP: 13/13 MP: 1/1
     6 | D:1      | Noticed a salamander
     6 | D:1      | Noticed a swamp drake
     6 | D:1      | Noticed a polar bear
     7 | D:1      | Noticed a hound
    67 | D:1      | Reached XP level 2. HP: 13/18 MP: 2/2
   492 | D:1      | Reached XP level 3. HP: 18/23 MP: 3/3
  1068 | D:2      | Reached XP level 4. HP: 25/29 MP: 4/4
  1122 | D:2      | Found a radiant altar of Vehumet.
  1635 | D:3      | Reached skill level 4 in Unarmed Combat
  1901 | D:3      | Found a burning altar of Makhleb.
  1938 | D:3      | Found an iron altar of Okawaru.
  2015 | D:3      | You fall into a shaft and drop 3 floors!
  2015 | D:6      | Found a shadowy altar of Dithmenos.
  2020 | D:5      | Entered Level 5 of the Dungeon
  2029 | D:4      | Found a staircase to the Ecumenical Temple.
  2122 | Temple   | Entered the Ecumenical Temple
  2137 | Temple   | Became a worshipper of Ru the Awakened
  2242 | D:4      | Found a bloodstained altar of Trog.
  2365 | D:4      | Found a runed translucent door.
  2366 | D:4      | Noticed Crazy Yiuf
  2399 | D:4      | Reached XP level 5. HP: 19/34 MP: 5/5
  2535 | D:4      | Noticed Edmund
  2537 | D:4      | Noticed Eustachio
  2559 | D:4      | Slain by Edmund

Illustrated notes

Levels and vault maps discovered:
D:1:      onia_arrival_zoo_common, layout_loops_corners
D:2:      layout_basic, basic_altar
D:3:      layout_loops_ring, okawaru_metal_pillars_1_2,
          mainiacjoe_overflow_six_doors_small
D:4:      layout_loops_cross, nicolae_overflow_crystal_walls,
          mainiacjoe_overflow_catwalk, minmay_temple_entry_slanted,
          uniq_crazy_yiuf_cottage, uniq_edmund, uniq_eustachio,
          uniq_blork_the_orc
D:5:      layout_loops_cross, cheibrodos_ashenzari_chains, lemuel_round_altar,
          minivault_1, kennysheep_path_1
D:6:      layout_rooms, mainiacjoe_overflow_boulevard,
          nicolae_elyvilon_temple_path, kennysheep_mini_moat,
          nicolae_tso_besieged_by_evil, uniq_sigmund
Temple:   nicolae_temple_figure_zero

Skill      XL: |  1  2  3  4  5 |
---------------+----------------+-----
Fighting       | 2 |  2.3
Unarmed Combat | 4 |  4.4
Dodging        | 3 |  3.0
Shapeshifting  | |  3.5

Action                     |  1- 3 |  4- 6 || total
---------------------------+-------+-------++-------
  Melee: Unarmed           |    62 |    54 ||   116
         Tentacles         |     6 |    13 ||    19
         Constrict         |    15 |    12 ||    27
         Punch             |     1 |     1 ||     2
         Dagger            |       |     9 ||     9
    Use: Potion            |       |     1 ||     1
   Stab: Sleeping          |     5 |     5 ||    10
 Armour: Skin              |     2 |    28 ||    30
  Dodge: Dodged            |    38 |    18 ||    56

Table legend: (Time is in decaauts)
 A = Elapsed time spent in this place.
 B = Non-inter-level travel time spent in this place.
 C = Inter-level travel time spent in this place.
 D = Time resting spent in this place.
 E = Time spent auto-exploring this place.
 F = Levels seen in this place.
 G = Mean time per level.
                   A        B        C        D        E       F      G
               +--------+--------+--------+--------+--------+-----+--------+
         Total |   2549 |   2435 |    114 |     95 |   1943 |   7 |  364.1 |
       Dungeon |   2524 |   2432 |     92 |     95 |   1943 |   6 |  420.7 |
        Temple |     24 |      2 |     22 |      0 |      0 |   1 |   24.0 |
               +--------+--------+--------+--------+--------+-----+--------+

Top non-repeatable levels by time:
     D:1: 860 daAuts
     D:2: 756 daAuts
     D:4: 503 daAuts
     D:3: 392 daAuts
  Temple: 24 daAuts
     D:5: 8 daAuts
     D:6: 4 daAuts
